 Dungeon Crawl Stone Soup version 0.20.1-1-g8b1a95d (webtiles) character file.

8431 letownia2 the Reanimator (level 11, 0/93 HPs)
             Began as a Deep Dwarf Necromancer on Nov 1, 2017.
             Was an Initiate of Gozag.
             Slain by an unseen horror (1 damage)
             ... on level 10 of the Dungeon on Nov 2, 2017.
             The game lasted 00:29:44 (9084 turns).

letownia2 the Reanimator (Deep Dwarf Necromancer)   Turns: 9084, Time: 00:29:45

Health: 0/93       AC: 11    Str: 14    XL:     11   Next: 9%
Magic:  3/32       EV: 10    Int: 17    God:    Gozag
Gold:   788        SH:  6    Dex: 13    Spells: 23/27 levels left

rFire    . . .     SeeInvis .   n - +0 war axe (vamp)
rCold    . . .     Gourm    .   (no shield)
rNeg     + . .     Faith    .   y - +0 scale mail
rPois    .         Spirit   .   O - +1 helmet
rElec    .         Reflect  +   r - +0 cloak
rCorr    .         Harm     .   (no gloves)
MR       +....                  (no boots)
Stlth    +.........             E - +6 amulet of reflection
Regen    0.0/turn               W - ring of positive energy
MPRegen  0.3/turn               i - ring of magical power

@: gold aura, non-regenerating
A: damage resistance, heal wounds, sense surroundings 2, no regeneration
a: Heal Wounds, Potion Petition, Call Merchant, Bribe Branch, Renounce Religion


You were on level 10 of the Dungeon.
You worshipped Gozag.
Gozag was pleased with you.
You were very hungry.

You visited 2 branches of the dungeon, and saw 11 of its levels.
You also visited: Sewer.

You collected 2164 gold pieces.
You paid 1376 gold pieces to Gozag.

Inventory:

Hand Weapons
 a - the +6 mace of Ru's Displeasure {freeze, MR+}
   (You found it on level 7 of the Dungeon)

   It has been specially enchanted to freeze those struck by it, causing extra
   injury to most foes and up to half again as much damage against particularly
   susceptible opponents.
   It can also slow down cold-blooded creatures.
   It affects your resistance to hostile enchantments.
 b - the +7 falchion of Anxiety {antimagic, Str+3 Dex+3}
   (You found it on level 6 of the Dungeon)

   It reduces the magical energy of the wielder, and disrupts the spells and
   magical abilities of those hit.
   Natural abilities and divine invocations are not affected.
   It affects your strength (+3).
   It affects your dexterity (+3).
 l - a +0 blowgun
 m - a +3 spear of flaming
 n - a +0 vampiric war axe (weapon)
 A - a +1 scimitar of holy wrath
 V - a +4 quarterstaff of chaos
Missiles
 H - 45 poisoned needles
 T - 20 sling bullets
Armour
 e - a +1 plate armour of fire resistance
 r - a +0 cloak (worn)
 y - a +0 scale mail (worn)
 O - a +1 helmet (worn)
Magical Staves
 N - an uncursed staff of fire
Jewellery
 g - an uncursed ring of protection from magic
 i - a ring of magical power (right hand)
 z - an uncursed ring of wizardry
 E - a +6 amulet of reflection (around neck)
 W - a ring of positive energy (left hand)
Scrolls
 d - 6 scrolls of remove curse
 h - a scroll of silence {unknown}
 o - 3 scrolls of identify
 p - 7 scrolls of teleportation
 q - a scroll of immolation {unknown}
 u - 3 scrolls of enchant weapon {unknown}
 C - 5 scrolls of fear {unknown}
 F - 4 scrolls of enchant armour {unknown}
 J - 2 scrolls of noise {unknown}
 K - 3 scrolls of amnesia {unknown}
 M - 2 scrolls of fog {unknown}
 P - 2 scrolls of recharging {unknown}
 R - a scroll of summoning {unknown}
 U - a scroll of torment {unknown}
 Z - a scroll of magic mapping
Potions
 f - 6 potions of mutation {unknown}
 j - 2 potions of lignification {unknown}
 t - 2 potions of berserk rage {unknown}
 v - 2 potions of curing {unknown}
 w - a potion of resistance
 B - a potion of magic
 D - 3 potions of might {unknown}
 G - a potion of brilliance {unknown}
 I - 2 potions of heal wounds {unknown}
 L - a potion of haste {unknown}
 S - a potion of flight {unknown}
 Y - 2 potions of degeneration {unknown}
Comestibles
 c - 5 bread rations
 k - 2 fruits


   Skills:
 - Level 4.3 Fighting
 + Level 8.3 Axes
 + Level 6.1 Armour
 - Level 2.3 Dodging
 - Level 2.4 Stealth
 - Level 8.7 Spellcasting
 - Level 10.7 Necromancy


You had 23 spell levels left.
You knew the following spells:

 Your Spells              Type           Power        Failure   Level  Hunger
a - Pain                  Necr           ####         1%          1    None
v - Vampiric Draining     Necr           #####.....   1%          3    #......


Dungeon Overview and Level Annotations

Branches:
Dungeon (10/15)            Temple (1/1) D:6            Lair (0/6) D:8
    Orc (0/2) D:9

Altars:
Ashenzari
Cheibriados
Dithmenos
Fedhas
Gozag
Hepliaklqana
Makhleb
Okawaru
Qazlal
Ru
Sif Muna
Trog
Uskayaw
Vehumet
Xom
Yredelemnul
The Shining One

Shops:
D:6 [   D:9 [(?((

Annotations:
D:6 Grinder


Innate Abilities, Weirdness & Mutations

You are resistant to damage.
You can heal yourself by infusing magical energy.
You passively map the area around you.
You do not regenerate.


Message History

Aiming: Vampiric Draining
Press: ? - help, Shift-Dir - straight line There's nothing close enough!
Something hits you.
* * * LOW HITPOINT WARNING * * *
Something hits you!
* * * LOW HITPOINT WARNING * * *
You closely miss something. Something hits you but does no damage.
You swing at nothing.
Something hits you but does no damage. You block something's attack.
You hit something but do no damage. Something hits you.
* * * LOW HITPOINT WARNING * * *
You swing at nothing.
You swing at nothing.
You swing at nothing.
Something hits you but does no damage. Something hits you.
You miss something. Something hits you.
* * * LOW HITPOINT WARNING * * *
You swing at nothing.
Something hits you.
You die...
Your body crumbles into a pile of gold.

................+ * , , *
...............## .## ,
................##,..##,,
,
.................##..8#,,
..................#.>.# ,
, ###########......##..8#
, , * #.....##...# , ,
#####.#8..#* * #.@$.#*
###8## ###


There were no monsters in sight!

Vanquished Creatures
  5 two-headed ogres
  Pikel (D:7)
  Maurice (D:8)
  Joseph (D:7)
  A hippogriff (D:10)
  A wyvern (D:10)
  A steam dragon (D:5)
  2 porcupines (D:8)
  4 orc warriors
  3 slaves
  A phantom (D:8)
  2 necrophages
  4 ogres
  A crocodile (Sewer)
  A centaur (D:7)
  A big kobold (D:9)
  4 bullfrogs
  A gnoll sergeant (D:9)
  5 scorpions
  5 killer bees (D:9)
  2 electric eels (D:9)
  A howler monkey (D:6)
  A crimson imp (D:8)
  A centaur zombie (D:6)
  2 bullfrog zombies (D:7)
  3 hounds
  Crazy Yiuf (D:7)
  A jelly (D:7)
  A bullfrog skeleton (D:9)
  3 orc priests
  A centaur skeleton (D:4)
  An iron imp (D:8)
  11 orc wizards
  2 iguanas (D:8)
  8 worker ants
  13 adders
  6 gnolls
  2 shadow imps
  3 oozes
  2 adder zombies (D:6)
  A worm (D:3)
  3 dart slugs
  6 leopard geckos
  51 orcs
  3 ball pythons
  5 giant cockroaches
  5 hobgoblins
  2 jackals (D:1)
  11 kobolds
  4 quokkas
  9 bats
  11 frilled lizards
  13 goblins
  A leopard gecko skeleton (D:5)
  A quokka skeleton (D:4)
  12 rats
248 creatures vanquished.

Vanquished Creatures (others)
  A slave (D:8)
  2 fungi (D:8)
3 creatures vanquished.

Grand Total: 251 creatures vanquished

Notes
Turn   | Place    | Note
-------+----------+-------------------------------------------
     0 | D:1      | letownia2 the Deep Dwarf Necromancer began the quest for the Orb.
     0 | D:1      | Reached XP level 1. HP: 15/15 MP: 3/3
   197 | D:3      | Reached XP level 2. HP: 22/22 MP: 0/5
   260 | D:3      | Reached skill level 5 in Necromancy
   419 | D:5      | Entered Level 5 of the Dungeon
   428 | D:5      | Reached XP level 3. HP: 20/28 MP: 6/6
   440 | D:5      | Learned a level 3 spell: Vampiric Draining
   544 | D:5      | Noticed a steam dragon
   558 | D:6      | Noticed Grinder
   753 | D:6      | Found a staircase to the Ecumenical Temple.
   777 | D:6      | Noticed a scorpion
   782 | D:6      | Killed a scorpion
   782 | D:6      | Reached skill level 6 in Necromancy
   782 | D:6      | Reached XP level 4. HP: 26/36 MP: 3/7
   829 | D:6      | Found a shattered altar of Ashenzari.
   836 | D:6      | Got a steaming falchion
   938 | D:6      | Reached XP level 5. HP: 32/42 MP: 8/8
   964 | D:6      | Reached skill level 7 in Necromancy
  1007 | D:6      | Found a glowing drain.
  1012 | Sewer    | Entered a sewer
  1105 | Sewer    | Noticed a crocodile
  1122 | Sewer    | Identified the +7 falchion of Anxiety {antimagic, Str+3 Dex+3} (You found it on level 6 of the Dungeon)
  1233 | Sewer    | Killed a crocodile
  1233 | Sewer    | Reached XP level 6. HP: 43/49 MP: 6/9
  1326 | Temple   | Entered the Ecumenical Temple
  1399 | Temple   | Became a worshipper of Gozag Ym Sagoz the Greedy
  1602 | D:5      | Killed a steam dragon
  1622 | D:5      | Reached XP level 7. HP: 46/56 MP: 13/13
  1651 | D:5      | Noticed a two-headed ogre
  1808 | D:5      | Killed a two-headed ogre
  1808 | D:5      | Reached skill level 8 in Necromancy
  1808 | D:5      | Reached XP level 8. HP: 19/68 MP: 0/15
  2037 | D:4      | Reached skill level 5 in Spellcasting
  2060 | D:4      | Reached skill level 9 in Necromancy
  2072 | D:4      | Found an iron altar of Okawaru.
  3071 | D:2      | Found a blossoming altar of Fedhas.
  3246 | D:2      | Found a faded altar of an unknown god.
  5605 | D:7      | Gained mutation: You passively map the area around you. [Deep Dwarf growth]
  5605 | D:7      | Reached XP level 9. HP: 45/74 MP: 9/18
  5745 | D:7      | Noticed Joseph
  5801 | D:7      | Reached skill level 10 in Necromancy
  5988 | D:7      | Killed Joseph
  6209 | D:7      | Found a runed door.
  6260 | D:7      | Found a hide-covered altar of Uskayaw.
  6263 | D:7      | Noticed a dagger
  6263 | D:7      | Noticed a dagger
  6404 | D:7      | Noticed Crazy Yiuf
  6407 | D:7      | Killed Crazy Yiuf
  6414 | D:7      | Got a shimmering mace
  6415 | D:7      | Identified the +6 mace of Ru's Displeasure {freeze, MR+} (You found it on level 7 of the Dungeon)
  6495 | D:8      | Noticed a two-headed ogre
  6503 | D:8      | Killed a two-headed ogre
  6503 | D:8      | Reached skill level 5 in Armour
  6706 | D:8      | Noticed Pikel
  6847 | D:8      | Reached XP level 10. HP: 83/87 MP: 14/21
  6852 | D:8      | Found a staircase to the Lair.
  7078 | D:8      | Found a snail-covered altar of Cheibriados.
  7140 | D:8      | Noticed Maurice
  7158 | D:8      | Killed Maurice
  7172 | D:8      | Found a glowing golden altar of the Shining One.
  7403 | D:9      | Noticed a two-headed ogre
  7640 | D:8      | You fall through a shaft!
  7753 | D:9      | Found Ubeaxyl's Antique Weapon Shoppe.
  7878 | D:9      | Found a staircase to the Orcish Mines.
  8036 | D:9      | Reached skill level 1 in Axes
  8042 | D:9      | Noticed a two-headed ogre
  8125 | D:9      | Killed a two-headed ogre
  8132 | D:9      | Found Botops's Magic Scroll Boutique.
  8215 | D:9      | Reached skill level 5 in Axes
  8313 | D:9      | Found Tonerheruhy's Antique Weapon Shoppe.
  8356 | D:9      | Killed a two-headed ogre
  8397 | D:9      | Found Koupetziw's Antique Weapon Shoppe.
  8584 | D:7      | Killed Pikel
  8836 | D:10     | Entered Level 10 of the Dungeon
  8978 | D:10     | Noticed a two-headed ogre
  8991 | D:10     | Killed a two-headed ogre
  8991 | D:10     | Reached XP level 11. HP: 41/93 MP: 23/23
  9079 | D:10     | HP: 3/93 [something (3)]
  9083 | D:10     | HP: 1/93 [something (2)]
  9084 | D:10     | Slain by an unseen horror

Skill      XL: |  1  2  3  4  5  6  7  8  9 10 |
---------------+-------------------------------+-----
Spellcasting   | 2 4 6 7 8 |  8.7
Necromancy     | 5 6 7 8 9 10 | 10.7
Fighting       | 2 4 |  4.3
Armour         | 3 5 6 |  6.1
Axes           | 8 |  8.3
Dodging        | |  2.3
Stealth        | |  2.4

Action                   |  1- 3 |  4- 6 |  7- 9 | 10-12 || total
-------------------------+-------+-------+-------+-------++-------
Melee: Dagger            |    20 |    24 |   122 |       ||   166
       Falchion          |       |       |    21 |       ||    21
       Mace              |       |       |    18 |   125 ||   143
       War axe           |       |       |       |    40 ||    40
 Cast: Pain              |    34 |    37 |   200 |    79 ||   350
       Vampiric Draining |     6 |     8 |    62 |    81 ||   157
Invok: Call Merchant     |       |       |     1 |     1 ||     2
Evoke: Wand              |       |       |       |     5 ||     5
  Use: Scroll            |       |       |     2 |     3 ||     5
 Stab: Sleeping          |       |       |     2 |       ||     2
  Eat: Chunk             |       |     3 |       |     2 ||     5
       Royal jelly       |       |     1 |     4 |       ||     5
       Meat ration       |       |       |     1 |     2 ||     3
       Bread ration      |       |       |     1 |       ||     1
       Fruit             |       |       |     1 |       ||     1
Armor: Robe              |     3 |     4 |       |       ||     7
       Ring mail         |       |     6 |    52 |       ||    58
       Scale mail        |       |       |    29 |   103 ||   132
Dodge: Dodged            |    20 |    24 |    93 |   133 ||   270
Block: Other             |       |       |    45 |    86 ||   131
       Reflection        |       |       |     1 |     3 ||     4
       Rpst.: Falchion   |       |       |     2 |       ||     2
